 Dungeon Crawl Stone Soup version 0.28.0-45-g0d030f2227 (webtiles) character file.

Game seed: 6917786442357265455

9 McKennaii the Conjurer (level 2, 17/19 HPs)
             Began as a Demonspawn Conjurer on Apr 14, 2022.
             Quit the game on level 1 of the Dungeon.
             The game lasted 00:00:11 (401 turns).

McKennaii the Conjurer (Demonspawn Conjurer)         Turns: 401, Time: 00:00:12

Health: 17/19      AC:  2    Str:  7    XL:     2   Next: 3%
Magic:  0/5        EV: 12    Int: 19    God:
Gold:   20         SH:  0    Dex: 11    Spells: 4/5 levels left

rFire   . . .      SeeInvis .   (no weapon)
rCold   . . .      Faith    .   (no shield)
rNeg    . . .      Spirit   .   a - +0 robe
rPois   .          Reflect  .   (no helmet)
rElec   .          Harm     .   (no cloak)
rCorr   .          Rampage  .   (no gloves)
Will    .....                   (no boots)
Stlth   ++........              (no amulet)
HPRegen 0.06/turn               (no ring)
MPRegen 0.09/turn               (no ring)

@: no status effects
A: powered by pain 1
a: no special abilities


You were on level 1 of the Dungeon.
You visited 1 branch of the dungeon, and saw 1 of its levels.

You collected 20 gold pieces.

Inventory:

Armour
 a - a +0 robe (worn)
Scrolls
 c - 3 scrolls of teleportation {unknown}
Potions
 b - a potion of attraction {unknown}


   Skills:
 - Level 1.7 Dodging
 - Level 1.7 Stealth
 + Level 2.3 Spellcasting
 + Level 4.2 Conjurations


You had 4 spell levels left.
You knew the following spells:

 Your Spells              Type           Power      Damage    Failure   Level
a - Magic Dart            Conj           72%        1d6       2%          1

Your spell library contained the following spells:

 Spells                   Type           Power      Damage    Failure   Level
 Searing Ray              Conj           36%        2d5       4%          2
 Dazzling Flash           Conj/Hex       20%        N/A       21%         3
 Fulminant Prism          Conj/Hex       5%         3d7       56%         4
 Iskenderun's Mystic Bla  Conj/Tloc      10%        2d4       56%         4


Dungeon Overview and Level Annotations

Branches:
Dungeon (1/15)

Altars:


Innate Abilities, Weirdness & Mutations

You sometimes gain a little power by taking damage.


Message History

Found 20 bolts.
You can't see any susceptible monsters within range! (Use Z to cast anyway.)
You see here 22 stones.
You see here 20 bolts.
You open the door.
There is an open door here.
Key pressed, stopping explore.
You can't see any susceptible monsters within range! (Use Z to cast anyway.)
Found a stone staircase leading down.
You can't see any susceptible monsters within range! (Use Z to cast anyway.)
Found a stone staircase leading down.
You can't see any susceptible monsters within range! (Use Z to cast anyway.)
A dart slug comes into view.
The magic dart hits the dart slug.
The dart slug is moderately wounded.
A dart slug is nearby!
The magic dart hits the dart slug.
The dart slug is heavily wounded.
A dart slug is nearby!
The magic dart hits the dart slug.
The dart slug is almost dead.
The dart slug launches a dart at you. The slug dart hits you.
A dart slug is nearby!
You are too depleted to draw on your mana recklessly!
A dart slug is nearby!
You are too depleted to draw on your mana recklessly!
A dart slug is nearby!
You are too depleted to draw on your mana recklessly!
A dart slug is nearby!
Found a stone staircase leading down.
You are too depleted to draw on your mana recklessly!
You see here a rat skeleton.
Found 8 gold pieces.
You hit the dart slug.
You kill the dart slug!
You have reached level 2!
Your demonic ancestry asserts itself...
You feel energised by your suffering.
Are you sure you want to abandon this character and quit the game? (Confirm with "yes".)

## #≈#.###
########..........
.+ #≈#.#
#........#######.#
## #≈#.#
#.######## #.# #
#+###≈#.#####.#
#.#
♣♣##.#≈#≈........#
#.# .≈♣#.8
♣≈..#####.# #.#
..#8.# #≈.## #.#
#.# ..##.###≈.#
##÷####### #.#
..''..'').#
#.@).....# #.#
..##.###≈##
#..†..###.# #>#
..#8.# #≈#
#.....>.$ ###
.≈♣#.8 ♣≈#
#...........
♣♣##.#≈#≈#
#.#...#.##.#
#+###≈# #.#####.#
# #≈# .. .. #≈# .#
.#


There were no monsters in sight!

Vanquished Creatures
  A dart slug (D:1)
  2 giant cockroaches (D:1)
  2 goblins (D:1)
  A rat (D:1)
6 creatures vanquished.

Notes
Turn   | Place    | Note
-------+----------+-------------------------------------------
     0 | D:1      | McKennaii the Demonspawn Conjurer began the quest for the
                  | Orb.
     0 | D:1      | Reached XP level 1. HP: 13/13 MP: 3/3
   401 | D:1      | Gained mutation: You sometimes gain a little power by
                  | taking damage. [demonic ancestry]
   401 | D:1      | Reached XP level 2. HP: 17/19 MP: 0/5
   401 | D:1      | Quit the game

Illustrated notes

Levels and vault maps discovered:
D:1:      saegor_arrival_fortress, layout_loops_ring, dk_noncrumbling_2,
          minivault_4, corexii_hall_statues_l, minmay_pentomino_v4

Action                   || total
-------------------------++-------
Melee: Unarmed           ||     1
 Cast: Magic Dart        ||     9
